Pirates vs Condors

Created - Friday, October 16, 2015 at 03:02

Goals
1 2 3 OT1 SO T
Pirates 0 0 1 0 1 2
Condors 0 0 1 0 0 1
Shots
1 2 3 OT1 SO T
Pirates 2 7 22 3 3 34
Condors 7 8 6 11 3 32

1st period

No Goal

Penalties :
Carlo Colaiacovo (POR) for Tripping (Minor) at 0:43

2nd period

No Goal

Penalties :
No Penalty

3rd period

1. Condors , Tyler Graovac 1 (Kris Newbury, Tommy Cross) at 0:58
2. Pirates , Danny Kristo 2 (Tim Erixon) at 1:12

Penalties :
Bill Arnold (BAK) for Fighting (Major) at 5:48, Vladislav Namestnikov (POR) for Fighting (Major) at 5:48, Teemu Pulkkinen (BAK) for Tripping (Minor) at 5:57, Steve Spinell (POR) for Hooking (Minor) at 9:58, Kris Newbury (BAK) for High sticking (Minor) at 11:18, Ken Agostino (BAK) for Interference (Minor) at 15:34

Overtime #1

No Goal

Penalties :
No Penalty

Shootout

Penalty Shot by Vladislav Namestnikov for Pirates - Stopped by Ray Emery
Penalty Shot by Teemu Pulkkinen for Condors - Stopped by Matt Hackett
Penalty Shot by Matt Puempel for Pirates - Shot Misses the Net
Penalty Shot by Michael Chaput for Condors - Stopped by Matt Hackett
Penalty Shot by Daniel Carcillo for Pirates - Goal!
Penalty Shot by Reid Boucher for Condors - Stopped by Matt Hackett

Penalties :
No Penalty

Goalie Stats

Matt Hackett (POR), 31 saves from 32 shots - (0.969), W, 2-1-0, 65:00 minutes
Ray Emery (BAK), 33 saves from 34 shots - (0.971), OTL, 2-1-2, 65:00 minutes

Players Stats for Pirates

Player Name              G  A  P  +/- PIM S  H  SB GA TA FO     MP     PP MP  PK MP  
------------------------------------------------------------------------------------
Anthony Duclair          0  0  0   0  0   0  0  1  0  0  0/0     1:39   0:00   0:00 
C.J. Ludwig              0  0  0   0  0   0  1  0  0  0  0/0     9:20   0:00   0:00 
Carlo Colaiacovo         0  0  0   0  2   5  2  3  1  1  0/0    28:25   2:26   1:07 
Daniel Carcillo          0  0  0   0  0   3  2  0  3  0  0/1    16:13   2:19   0:41 
Danny Kristo             1  0  1   0  0   4  1  0  2  2  1/1    19:16   2:37   0:38 
FARM PLAYER11            0  0  0   0  0   0  0  0  0  0  0/1    14:12   0:15   1:23 
Henrik Samuelsson        0  0  0   0  0   1  2  0  2  0  5/11   18:09   2:37   0:00 
Jesper Fast              0  0  0   0  0   1  0  1  3  1  1/2    10:39   0:00   0:00 
Johan Sundstrom          0  0  0   0  0   1  1  0  2  0  4/8    15:32   0:00   1:03 
John Persson             0  0  0   0  0   5  2  0  1  1  0/0    15:28   0:27   0:00 
Kerby Rychel             0  0  0   0  0   1  3  0  1  1  0/0    17:38   2:37   0:00 
Martin Frk               0  0  0   0  0   2  1  0  0  1  0/0    10:39   0:00   0:00 
Matt Puempel             0  0  0   0  0   2  1  0  1  0  0/0    19:23   2:19   2:38 
Steve Spinell            0  0  0  -1  2   0  1  1  0  2  0/0    25:57   2:48   0:49 
Tim Erixon               0  1  1   1  0   6  1  1  2  1  0/0    27:57   2:30   2:17 
Vladislav Namestnikov    0  0  0   0  5   2  0  1  2  1  5/13   21:39   0:50   1:52 
Will O'Neill             0  0  0   0  0   0  2  0  0  1  0/0    26:08   2:48   1:02 
Zack Stortini            0  0  0   0  0   1  1  0  0  0  1/1    17:59   1:57   0:00 

Players Stats for Condors

Player Name              G  A  P  +/- PIM S  H  SB GA TA FO     MP     PP MP  PK MP  
------------------------------------------------------------------------------------
Anthony Bitetto          0  0  0   0  0   1  4  0  0  1  0/0    22:55   2:08   2:13 
Bill Arnold              0  0  0   0  5   1  0  1  2  1  2/4    12:27   0:00   0:00 
Collin Bowman            0  0  0   0  0   0  0  0  0  0  0/0     0:31   0:00   0:00 
Daniel New               0  0  0   0  0   1  3  3  0  1  0/0    25:55   2:08   3:38 
FARM PLAYER10            0  0  0   0  0   0  1  0  0  0  0/1    19:33   1:26   2:18 
FARM PLAYER12            0  0  0   0  0   0  0  0  0  0  0/0    10:24   0:00   0:36 
Ken Agostino             0  0  0   0  2   0  2  0  0  1  0/0    12:04   0:07   0:05 
Kris Newbury             0  1  1   0  2   4  3  1  1  0  0/0    18:36   1:32   0:00 
Michael Chaput           0  0  0   0  0   1  0  1  1  1  6/7    22:09   1:46   2:36 
Michael Mersch           0  0  0   0  0   1  1  1  0  0  1/3    15:17   0:00   2:43 
Pat Cannone              0  0  0   0  0   3  2  0  2  0  2/6    14:39   0:00   0:05 
Reid Boucher             0  0  0   0  0   6  1  1  4  1  0/2    13:50   1:46   0:45 
Rob Bordson              0  0  0   0  0   3  1  0  2  1  0/0    12:53   0:00   0:00 
Ryan Parent              0  0  0   0  0   0  0  1  0  1  0/0    17:31   0:00   0:13 
Steven Kampfer           0  0  0   0  0   3  1  2  2  3  0/0    27:47   1:11   3:05 
Teemu Pulkkinen          0  0  0   0  2   2  0  0  1  0  4/6    21:27   1:46   0:43 
Tommy Cross              0  1  1   0  0   1  3  2  1  2  0/0    28:33   1:11   1:27 
Tyler Graovac            1  0  1   0  0   5  0  0  0  0  6/9    17:28   1:33   0:45 

3 Stars

1 - Ray Emery (BAK)
2 - Matt Hackett (POR)
3 - Danny Kristo (POR)

Power Play

Pirates - 0 on 3 Attempt(s) - 0.00%
Condors - 0 on 2 Attempt(s) - 0.00%

Penalty Kill

Pirates - 2 on 2 Attempt(s) - 100.00% - Score 0 goal in Penalty Kill
Condors - 3 on 3 Attempt(s) - 100.00% - Score 0 goal in Penalty Kill

Team Stat

Pirates - Hits : 21 - Faceoff Wins : 17 - Blocked Shots : 8 - Penalty Minutes : 9
Condors - Hits : 22 - Faceoff Wins : 21 - Blocked Shots : 13 - Penalty Minutes : 11

Official

Referees : Unknown
Linesman : Unknown

Game Notes

Bill Arnold and Vladislav Namestnikov fight to a draw at 5:48 of 3rd period

Finance

Level 1 -- Attendance: 1363 (68.15%) -- Ticket Income $54,520
Level 2 -- Attendance: 786 (78.60%) -- Ticket Income $15,720
Total Attendance: 2149 (71.63%)
Total Ticket Income: $70,240
Other Income: $34,418
Total Income: $104,658

Pirates

5 vs 5 Forward 
   Center                   Left Wing                Right Wing               Time % Phy DF OF 
 1 Vladislav Namestnikov    Matt Puempel             Daniel Carcillo          35     1   2  2  
 2 Henrik Samuelsson        Kerby Rychel             Danny Kristo             30     1   2  2  
 3 Johan Sundstrom          John Persson             Zack Stortini            22     1   2  2  
 4 Jesper Fast              Vladislav Namestnikov    Martin Frk               13     1   2  2  

5 vs 5 Defense 
   Defense                  Defense                                           Time % Phy DF OF 
 1 Carlo Colaiacovo         Tim Erixon                                        35     1   2  2  
 2 Steve Spinell            Will O'Neill                                      30     1   2  2  
 3 Steve Spinell            Carlo Colaiacovo                                  22     1   2  2  
 4 Carlo Colaiacovo         Tim Erixon                                        13     1   2  2  

PowerPlay Forward 
   Center                   Left Wing                Right Wing               Time % Phy DF OF 
 1 Vladislav Namestnikov    Matt Puempel             Daniel Carcillo          60     1   2  2  
 2 Henrik Samuelsson        Kerby Rychel             Danny Kristo             40     1   2  2  

PowerPlay Defense
   Defense                  Defense                                           Time % Phy DF OF 
 1 Carlo Colaiacovo         Tim Erixon                                        60     1   2  2  
 2 Steve Spinell            Will O'Neill                                      40     1   2  2  

Penalty Kill 4 Players Forward 
   Center                   Wing                     Time % Phy DF OF 
 1 Vladislav Namestnikov    Matt Puempel             60     1   2  2  
 2 Daniel Carcillo          Danny Kristo             40     1   2  2  

Penalty Kill 4 Players Defense
   Defense                  Defense                  Time % Phy DF OF 
 1 Carlo Colaiacovo         Tim Erixon               60     1   2  2  
 2 Steve Spinell            Will O'Neill             40     1   2  2  

Penalty Kill - 3 Players Forward 
   Forward                                           Time % Phy DF OF 
 1 Vladislav Namestnikov                             60     1   2  2  
 2 Matt Puempel                                      40     1   2  2  

Penalty Kill - 3 Players Defense
   Defense                  Defense                  Time % Phy DF OF 
 1 Carlo Colaiacovo         Tim Erixon               60     1   2  2  
 2 Steve Spinell            Will O'Neill             40     1   2  2  

4 vs 4 Forward 
   Center                   Wing                     Time % Phy DF OF 
 1 Vladislav Namestnikov    Matt Puempel             60     1   2  2  
 2 Daniel Carcillo          Danny Kristo             40     1   2  2  

4 vs 4 Defense
   Defense                  Defense                  Time % Phy DF OF 
 1 Carlo Colaiacovo         Tim Erixon               60     1   2  2  
 2 Steve Spinell            Will O'Neill             40     1   2  2  

Last Minutes Offensive
   Center                   Left Wing                Right Wing               Defense                  Defense                  
   Vladislav Namestnikov    Matt Puempel             Daniel Carcillo          Carlo Colaiacovo         Tim Erixon               

Last Minutes Defensive
   Center                   Left Wing                Right Wing               Defense                  Defense                  
   Vladislav Namestnikov    Matt Puempel             Daniel Carcillo          Carlo Colaiacovo         Tim Erixon               

Goaltenders
Starting : Matt Hackett             
Backup : FARM GOALIE10            

Extra Forwards
Normal : Zack Stortini, John Persson, Johan Sundstrom - PP : Zack Stortini, John Persson - PK : Johan Sundstrom
Extra Defensemen
Normal : Steve Spinell, Carlo Colaiacovo, Tim Erixon - PP : Steve Spinell - PK : Tim Erixon, Carlo Colaiacovo
Penalty Shots
Vladislav Namestnikov, Matt Puempel, Daniel Carcillo, Danny Kristo, Zack Stortini

Condors

5 vs 5 Forward 
   Center                   Left Wing                Right Wing               Time % Phy DF OF 
 1 Michael Chaput           Teemu Pulkkinen          Reid Boucher             35     1   2  2  
 2 Tyler Graovac            Kris Newbury             FARM PLAYER10            30     1   2  2  
 3 Pat Cannone              Michael Mersch           Teemu Pulkkinen          22     1   2  2  
 4 Bill Arnold              Rob Bordson              Michael Chaput           13     1   2  2  

5 vs 5 Defense 
   Defense                  Defense                                           Time % Phy DF OF 
 1 Steven Kampfer           Tommy Cross                                       35     1   2  2  
 2 Daniel New               Anthony Bitetto                                   30     1   2  2  
 3 Tommy Cross              Ryan Parent                                       22     1   2  2  
 4 Daniel New               Steven Kampfer                                    13     1   2  2  

PowerPlay Forward 
   Center                   Left Wing                Right Wing               Time % Phy DF OF 
 1 Michael Chaput           Teemu Pulkkinen          Reid Boucher             60     1   2  2  
 2 Tyler Graovac            Kris Newbury             FARM PLAYER10            40     1   2  2  

PowerPlay Defense
   Defense                  Defense                                           Time % Phy DF OF 
 1 Steven Kampfer           Tommy Cross                                       60     1   2  2  
 2 Daniel New               Anthony Bitetto                                   40     1   2  2  

Penalty Kill 4 Players Forward 
   Center                   Wing                     Time % Phy DF OF 
 1 Teemu Pulkkinen          Michael Chaput           60     1   2  2  
 2 Reid Boucher             Tyler Graovac            40     1   2  2  

Penalty Kill 4 Players Defense
   Defense                  Defense                  Time % Phy DF OF 
 1 Steven Kampfer           Daniel New               60     1   2  2  
 2 Tommy Cross              Anthony Bitetto          40     1   2  2  

Penalty Kill - 3 Players Forward 
   Forward                                           Time % Phy DF OF 
 1 Teemu Pulkkinen                                   60     1   2  2  
 2 Michael Chaput                                    40     1   2  2  

Penalty Kill - 3 Players Defense
   Defense                  Defense                  Time % Phy DF OF 
 1 Steven Kampfer           Ryan Parent              60     1   2  2  
 2 FARM PLAYER10            Anthony Bitetto          40     1   2  2  

4 vs 4 Forward 
   Center                   Wing                     Time % Phy DF OF 
 1 Teemu Pulkkinen          Michael Chaput           60     1   2  2  
 2 Reid Boucher             Tyler Graovac            40     1   2  2  

4 vs 4 Defense
   Defense                  Defense                  Time % Phy DF OF 
 1 Steven Kampfer           Tommy Cross              60     1   2  2  
 2 Daniel New               Anthony Bitetto          40     1   2  2  

Last Minutes Offensive
   Center                   Left Wing                Right Wing               Defense                  Defense                  
   Michael Chaput           Teemu Pulkkinen          Reid Boucher             Steven Kampfer           Anthony Bitetto          

Last Minutes Defensive
   Center                   Left Wing                Right Wing               Defense                  Defense                  
   Michael Chaput           Teemu Pulkkinen          Reid Boucher             Steven Kampfer           Anthony Bitetto          

Goaltenders
Starting : Ray Emery                
Backup : Joe Cannata              

Extra Forwards
Normal : Ken Agostino, Pat Cannone, Michael Mersch - PP : Ken Agostino, Pat Cannone - PK : Michael Mersch
Extra Defensemen
Normal : Tommy Cross, Ryan Parent, Daniel New - PP : Tommy Cross - PK : Ryan Parent, Daniel New
Penalty Shots
Teemu Pulkkinen, Michael Chaput, Reid Boucher, Tyler Graovac, Kris Newbury

% Time on Ice - Pirates

Lines # - Real PCT - Wanted PCT - Time Play
Normal Forward
1 - 23% - 35% - 11:35
2 - 30% - 30% - 15:01
3 - 27% - 22% - 13:29
4 - 21% - 13% - 10:39
Normal Defense
1 - 37% - 35% - 18:59
2 - 34% - 30% - 17:04
3 - 18% - 22% - 9:21
4 - 11% - 13% - 5:20
PP Forward
1 - 51% - 60% - 2:41
2 - 49% - 40% - 2:37
PP Defense
1 - 47% - 60% - 2:30
2 - 53% - 40% - 2:48
PK Forward
1 - 81% - 60% - 2:41
2 - 19% - 40% - 0:38
PK Defense
1 - 69% - 60% - 2:17
2 - 31% - 40% - 1:02
PK3 Forward
1 - 0% - 60%
2 - 0% - 40%
PK3 Defense
1 - 0% - 60%
2 - 0% - 40%
44 Forward
1 - 82% - 60% - 4:39
2 - 18% - 40% - 1:00
44 Defense
1 - 47% - 60% - 2:41
2 - 53% - 40% - 2:58
Last Minute Offensive  - 0:00
Last Minute Defensive  - 0:00
Total
Forward - 65:00
Defense - 65:00

% Time on Ice - Condors

Lines # - Real PCT - Wanted PCT - Time Play
Normal Forward
1 - 24% - 35% - 12:04
2 - 28% - 30% - 14:20
3 - 23% - 22% - 11:27
4 - 25% - 13% - 12:53
Normal Defense
1 - 32% - 35% - 16:05
2 - 31% - 30% - 15:37
3 - 28% - 22% - 14:18
4 - 9% - 13% - 4:44
PP Forward
1 - 53% - 60% - 1:46
2 - 47% - 40% - 1:33
PP Defense
1 - 36% - 60% - 1:11
2 - 64% - 40% - 2:08
PK Forward
1 - 86% - 60% - 4:33
2 - 14% - 40% - 0:45
PK Defense
1 - 58% - 60% - 3:05
2 - 42% - 40% - 2:13
PK3 Forward
1 - 0% - 60%
2 - 0% - 40%
PK3 Defense
1 - 0% - 60%
2 - 0% - 40%
44 Forward
1 - 85% - 60% - 4:49
2 - 15% - 40% - 0:50
44 Defense
1 - 48% - 60% - 2:42
2 - 52% - 40% - 2:57
Last Minute Offensive  - 0:00
Last Minute Defensive  - 0:00
Total
Forward - 65:00
Defense - 65:00

Play by Play

1st period


0:01 of 1st period - Michael Chaput wins face-off versus Vladislav Namestnikov in neutral zone.
0:43 of 1st period - Minor Penalty to Carlo Colaiacovo for Tripping.
0:44 of 1st period - Tyler Graovac wins face-off versus Vladislav Namestnikov in Pirates zone.
0:45 of 1st period - Snap shot by Kris Newbury.
0:45 of 1st period - Stopped by Matt Hackett with a rebound.
0:47 of 1st period - Slapshot by Daniel New.
0:47 of 1st period - Shot Blocked by Vladislav Namestnikov.
0:49 of 1st period - Snap shot by Kris Newbury.
0:49 of 1st period - Stopped by Matt Hackett with a rebound.
0:51 of 1st period - Slapshot by Daniel New.
0:51 of 1st period - Stopped by Matt Hackett with a rebound.
2:21 of 1st period - Matt Puempel is hit by FARM PLAYER10 and loses puck.
2:43 of 1st period - Penalty to Carlo Colaiacovo is over, Carlo Colaiacovo is back on ice.
3:04 of 1st period - Snap shot by Teemu Pulkkinen.
3:04 of 1st period - Shot Blocked by Steve Spinell.
3:29 of 1st period - Slapshot by Carlo Colaiacovo.
3:29 of 1st period - Stopped by Ray Emery with a rebound.
4:24 of 1st period - Danny Kristo is hit by Ken Agostino and loses puck.
4:50 of 1st period - Snap shot by Rob Bordson.
4:50 of 1st period - Shot Misses the Net.
4:52 of 1st period - Snap shot by Rob Bordson.
4:52 of 1st period - Stopped by Matt Hackett without a rebound.
4:53 of 1st period - Jesper Fast wins face-off versus Bill Arnold in Pirates zone.
5:23 of 1st period - Slapshot by Tyler Graovac.
5:23 of 1st period - Shot Misses the Net.
5:32 of 1st period - Off-side.
5:33 of 1st period - Johan Sundstrom wins face-off versus Pat Cannone in neutral zone.
7:42 of 1st period - Jesper Fast is hit by Kris Newbury and loses puck.
8:13 of 1st period - Slapshot by Tim Erixon.
8:13 of 1st period - Shot Misses the Net.
9:49 of 1st period - Ken Agostino is hit by C.J. Ludwig and loses puck.
11:23 of 1st period - John Persson is hit by Pat Cannone and loses puck.
11:30 of 1st period - Pat Cannone is hit by Johan Sundstrom and loses puck.
12:02 of 1st period - Vladislav Namestnikov is hit by Tommy Cross and loses puck.
12:19 of 1st period - Carlo Colaiacovo is hit by Steven Kampfer and loses puck.
13:00 of 1st period - Snap shot by Bill Arnold.
13:00 of 1st period - Shot Blocked by Anthony Duclair.
13:02 of 1st period - Slapshot by Steven Kampfer.
13:02 of 1st period - Shot Blocked by Carlo Colaiacovo.
13:06 of 1st period - Backhand shot by Steven Kampfer.
13:06 of 1st period - Shot Blocked by Jesper Fast.
14:05 of 1st period - Danny Kristo is hit by Daniel New and loses puck.
14:22 of 1st period - Wrist shot by Teemu Pulkkinen.
14:22 of 1st period - Stopped by Matt Hackett with a rebound.
14:31 of 1st period - Icing by Tommy Cross.
14:32 of 1st period - Vladislav Namestnikov wins face-off versus Pat Cannone in Condors zone.
15:00 of 1st period - Off-side.
15:01 of 1st period - Bill Arnold wins face-off versus Johan Sundstrom in neutral zone.
15:12 of 1st period - Michael Mersch is hit by Tim Erixon and loses puck.
16:09 of 1st period - Steven Kampfer is hit by Danny Kristo.
17:28 of 1st period - Wrist shot by Pat Cannone.
17:28 of 1st period - Stopped by Matt Hackett with a rebound.
18:02 of 1st period - Snap shot by Pat Cannone.
18:02 of 1st period - Stopped by Matt Hackett with a rebound.
18:28 of 1st period - Will O'Neill is hit by Kris Newbury and loses puck.
18:40 of 1st period - Icing by Tommy Cross.
18:41 of 1st period - Vladislav Namestnikov wins face-off versus Pat Cannone in Condors zone.
18:58 of 1st period - Slapshot by John Persson.
18:58 of 1st period - Stopped by Ray Emery with a rebound.
19:58 of 1st period - Snap shot by Ken Agostino.
19:58 of 1st period - Shot Misses the Net.
Goals for this period are 0 for Pirates vs 0 for Condors.
Shots for this period are 2 for Pirates vs 7 for Condors.

2nd period


0:01 of 2nd period - Vladislav Namestnikov wins face-off versus Reid Boucher in neutral zone.
1:00 of 2nd period - Wrist shot by Kris Newbury.
1:00 of 2nd period - Shot Misses the Net.
1:17 of 2nd period - Snap shot by Tyler Graovac.
1:17 of 2nd period - Stopped by Matt Hackett without a rebound.
1:18 of 2nd period - Pat Cannone wins face-off versus Johan Sundstrom in Pirates zone.
2:35 of 2nd period - Snap shot by Tyler Graovac.
2:35 of 2nd period - Stopped by Matt Hackett without a rebound.
2:36 of 2nd period - Tyler Graovac wins face-off versus Henrik Samuelsson in Pirates zone.
2:37 of 2nd period - Slapshot by Kris Newbury.
2:37 of 2nd period - Stopped by Matt Hackett with a rebound.
2:41 of 2nd period - Snap shot by Tyler Graovac.
2:41 of 2nd period - Stopped by Matt Hackett without a rebound.
2:42 of 2nd period - Henrik Samuelsson wins face-off versus Tyler Graovac in Pirates zone.
2:42 of 2nd period - Henrik Samuelsson is hit by Tommy Cross.
3:14 of 2nd period - Backhand shot by Danny Kristo.
3:14 of 2nd period - Shot Blocked by Tommy Cross.
3:28 of 2nd period - Tommy Cross is hit by John Persson and loses puck.
3:45 of 2nd period - Snap shot by John Persson.
3:45 of 2nd period - Stopped by Ray Emery with a rebound.
3:49 of 2nd period - Slapshot by John Persson.
3:49 of 2nd period - Stopped by Ray Emery with a rebound.
3:53 of 2nd period - Slapshot by Tim Erixon.
3:53 of 2nd period - Shot Blocked by Bill Arnold.
4:13 of 2nd period - Snap shot by Vladislav Namestnikov.
4:13 of 2nd period - Stopped by Ray Emery with a rebound.
4:55 of 2nd period - Daniel New is hit by Henrik Samuelsson and loses puck.
5:21 of 2nd period - Snap shot by Jesper Fast.
5:21 of 2nd period - Shot Misses the Net.
5:43 of 2nd period - Ryan Parent is hit by Zack Stortini and loses puck.
5:56 of 2nd period - Wrist shot by Michael Mersch.
5:56 of 2nd period - Shot Misses the Net.
5:58 of 2nd period - Slapshot by Pat Cannone.
5:58 of 2nd period - Shot Misses the Net.
6:34 of 2nd period - Slapshot by Danny Kristo.
6:34 of 2nd period - Shot Misses the Net.
6:36 of 2nd period - Snap shot by Henrik Samuelsson.
6:36 of 2nd period - Shot Misses the Net.
6:38 of 2nd period - Slapshot by Henrik Samuelsson.
6:38 of 2nd period - Shot Blocked by Reid Boucher.
6:40 of 2nd period - Wrist shot by Kerby Rychel.
6:40 of 2nd period - Stopped by Ray Emery without a rebound.
6:41 of 2nd period - Tyler Graovac wins face-off versus Henrik Samuelsson in Condors zone.
6:46 of 2nd period - Steve Spinell is hit by Anthony Bitetto and loses puck.
6:59 of 2nd period - Tyler Graovac is hit by Kerby Rychel and loses puck.
7:10 of 2nd period - Wrist shot by Daniel Carcillo.
7:10 of 2nd period - Shot Blocked by Daniel New.
7:22 of 2nd period - Daniel Carcillo is hit by Kris Newbury and loses puck.
7:29 of 2nd period - Kris Newbury is hit by Daniel Carcillo and loses puck.
8:14 of 2nd period - Slapshot by Steven Kampfer.
8:14 of 2nd period - Stopped by Matt Hackett with a rebound.
8:44 of 2nd period - John Persson is hit by Pat Cannone and loses puck.
8:49 of 2nd period - Wrist shot by Michael Mersch.
8:49 of 2nd period - Stopped by Matt Hackett with a rebound.
9:05 of 2nd period - Off-side.
9:06 of 2nd period - Michael Chaput wins face-off versus Vladislav Namestnikov in neutral zone.
9:34 of 2nd period - Henrik Samuelsson is hit by Reid Boucher.
9:40 of 2nd period - Tommy Cross is hit by Kerby Rychel and loses puck.
9:55 of 2nd period - Tim Erixon is hit by Ken Agostino and loses puck.
10:05 of 2nd period - Slapshot by Steven Kampfer.
10:05 of 2nd period - Shot Blocked by Tim Erixon.
10:28 of 2nd period - Icing by Tim Erixon.
10:29 of 2nd period - Pat Cannone wins face-off versus Henrik Samuelsson in Pirates zone.
10:32 of 2nd period - Slapshot by Pat Cannone.
10:32 of 2nd period - Shot Misses the Net.
10:34 of 2nd period - Slapshot by Daniel New.
10:34 of 2nd period - Shot Misses the Net.
10:36 of 2nd period - Snap shot by Pat Cannone.
10:36 of 2nd period - Shot Misses the Net.
10:53 of 2nd period - Off-side.
10:54 of 2nd period - Tyler Graovac wins face-off versus Johan Sundstrom in neutral zone.
11:07 of 2nd period - Wrist shot by Kris Newbury.
11:07 of 2nd period - Stopped by Matt Hackett without a rebound.
11:08 of 2nd period - Johan Sundstrom wins face-off versus FARM PLAYER10 in Pirates zone.
11:19 of 2nd period - Michael Chaput is hit by John Persson and loses puck.
13:46 of 2nd period - Henrik Samuelsson is hit by Rob Bordson and loses puck.
15:30 of 2nd period - Snap shot by Daniel Carcillo.
15:30 of 2nd period - Stopped by Ray Emery with a rebound.
15:34 of 2nd period - Wrist shot by Matt Puempel.
15:34 of 2nd period - Shot Blocked by Steven Kampfer.
15:36 of 2nd period - Backhand shot by Matt Puempel.
15:36 of 2nd period - Stopped by Ray Emery without a rebound.
15:37 of 2nd period - Teemu Pulkkinen wins face-off versus FARM PLAYER11 in Condors zone.
15:52 of 2nd period - Wrist shot by Danny Kristo.
15:52 of 2nd period - Shot Blocked by Daniel New.
16:23 of 2nd period - Tommy Cross is hit by Martin Frk and loses puck.
16:44 of 2nd period - Tim Erixon is hit by Anthony Bitetto and loses puck.
17:17 of 2nd period - Steven Kampfer is hit by Matt Puempel and loses puck.
18:31 of 2nd period - Snap shot by John Persson.
18:31 of 2nd period - Stopped by Ray Emery with a rebound.
18:52 of 2nd period - Ryan Parent is hit by Carlo Colaiacovo and loses puck.
19:28 of 2nd period - Slapshot by Steven Kampfer.
19:28 of 2nd period - Shot Misses the Net.
19:30 of 2nd period - Wrist shot by Rob Bordson.
19:30 of 2nd period - Stopped by Matt Hackett with a rebound.
Goals for this period are 0 for Pirates vs 0 for Condors.
Shots for this period are 7 for Pirates vs 8 for Condors.

3rd period


0:01 of 3rd period - Michael Chaput wins face-off versus Vladislav Namestnikov in neutral zone.
0:22 of 3rd period - Wrist shot by Daniel Carcillo.
0:22 of 3rd period - Shot Blocked by Steven Kampfer.
0:24 of 3rd period - Wrist shot by Vladislav Namestnikov.
0:24 of 3rd period - Shot Misses the Net.
0:26 of 3rd period - Wrist shot by Daniel Carcillo.
0:26 of 3rd period - Stopped by Ray Emery with a rebound.
0:28 of 3rd period - Slapshot by Vladislav Namestnikov.
0:28 of 3rd period - Shot Misses the Net.
0:58 of 3rd period - Wrist shot by Tyler Graovac.
0:58 of 3rd period - Goal by Tyler Graovac - Pirates : 0 - Condors : 1.
0:59 of 3rd period - Henrik Samuelsson wins face-off versus Tyler Graovac in neutral zone.
1:10 of 3rd period - Slapshot by Tim Erixon.
1:10 of 3rd period - Shot Blocked by Kris Newbury.
1:12 of 3rd period - Slapshot by Tim Erixon.
1:12 of 3rd period - Deflect By Danny Kristo.
1:12 of 3rd period - Goal by Danny Kristo - Pirates : 1 - Condors : 1.
1:13 of 3rd period - Michael Chaput wins face-off versus Vladislav Namestnikov in neutral zone.
1:20 of 3rd period - Snap shot by Reid Boucher.
1:20 of 3rd period - Stopped by Matt Hackett with a rebound.
1:22 of 3rd period - Slapshot by Reid Boucher.
1:22 of 3rd period - Stopped by Matt Hackett without a rebound.
1:23 of 3rd period - Michael Chaput wins face-off versus Daniel Carcillo in Pirates zone.
1:35 of 3rd period - Snap shot by Reid Boucher.
1:35 of 3rd period - Deflect By Matt Puempel.
1:35 of 3rd period - Shot Misses the Net.
1:35 of 3rd period - Puck is out of play.
1:36 of 3rd period - Tyler Graovac wins face-off versus Henrik Samuelsson in Pirates zone.
2:42 of 3rd period - Matt Puempel is hit by Anthony Bitetto and loses puck.
2:53 of 3rd period - Michael Chaput is hit by Daniel Carcillo and loses puck.
3:06 of 3rd period - Vladislav Namestnikov is hit by Anthony Bitetto and loses puck.
3:29 of 3rd period - Matt Puempel is hit by Daniel New.
3:43 of 3rd period - Matt Puempel is hit by Michael Mersch and loses puck.
4:03 of 3rd period - Ryan Parent is hit by Will O'Neill and loses puck.
4:10 of 3rd period - Snap shot by Tim Erixon.
4:10 of 3rd period - Shot Blocked by Tommy Cross.
4:12 of 3rd period - Slapshot by Carlo Colaiacovo.
4:12 of 3rd period - Shot Misses the Net.
4:14 of 3rd period - Slapshot by Tim Erixon.
4:14 of 3rd period - Shot Blocked by Michael Chaput.
4:16 of 3rd period - Slapshot by Johan Sundstrom.
4:16 of 3rd period - Stopped by Ray Emery with a rebound.
4:24 of 3rd period - Slapshot by Tim Erixon.
4:24 of 3rd period - Stopped by Ray Emery without a rebound.
4:25 of 3rd period - Danny Kristo wins face-off versus Tyler Graovac in Condors zone.
4:28 of 3rd period - Wrist shot by Danny Kristo.
4:28 of 3rd period - Stopped by Ray Emery without a rebound.
4:29 of 3rd period - Tyler Graovac wins face-off versus Henrik Samuelsson in Condors zone.
4:54 of 3rd period - Snap shot by Tim Erixon.
4:54 of 3rd period - Stopped by Ray Emery with a rebound.
5:12 of 3rd period - Snap shot by Tim Erixon.
5:12 of 3rd period - Stopped by Ray Emery with a rebound.
5:14 of 3rd period - Snap shot by Carlo Colaiacovo.
5:14 of 3rd period - Stopped by Ray Emery without a rebound.
5:15 of 3rd period - Johan Sundstrom wins face-off versus Bill Arnold in Condors zone.
5:18 of 3rd period - Slapshot by Carlo Colaiacovo.
5:18 of 3rd period - Stopped by Ray Emery with a rebound.
5:30 of 3rd period - Snap shot by Bill Arnold.
5:30 of 3rd period - Stopped by Matt Hackett without a rebound.
5:31 of 3rd period - Bill Arnold wins face-off versus Jesper Fast in Pirates zone.
5:32 of 3rd period - Wrist shot by Rob Bordson.
5:32 of 3rd period - Stopped by Matt Hackett with a rebound.
5:48 of 3rd period - Bill Arnold and Vladislav Namestnikov fight to a draw.
5:48 of 3rd period - Penalty to Bill Arnold for Fighting.
5:48 of 3rd period - Penalty to Vladislav Namestnikov for Fighting.
5:49 of 3rd period - Henrik Samuelsson wins face-off versus Pat Cannone in Pirates zone.
5:57 of 3rd period - Minor Penalty to Teemu Pulkkinen for Tripping.
5:58 of 3rd period - Zack Stortini wins face-off versus Michael Mersch in Condors zone.
5:59 of 3rd period - Wrist shot by Daniel Carcillo.
5:59 of 3rd period - Stopped by Ray Emery with a rebound.
7:00 of 3rd period - Wrist shot by Danny Kristo.
7:00 of 3rd period - Shot Blocked by Daniel New.
7:10 of 3rd period - Michael Chaput is hit by Steve Spinell and loses puck.
7:35 of 3rd period - Snap shot by Matt Puempel.
7:35 of 3rd period - Shot Misses the Net.
7:37 of 3rd period - Slapshot by Zack Stortini.
7:37 of 3rd period - Stopped by Ray Emery with a rebound.
7:47 of 3rd period - Steven Kampfer is hit by Will O'Neill and loses puck.
7:57 of 3rd period - Penalty to Teemu Pulkkinen is over, Teemu Pulkkinen is back on ice.
8:17 of 3rd period - Snap shot by Martin Frk.
8:17 of 3rd period - Stopped by Ray Emery with a rebound.
8:19 of 3rd period - Snap shot by Martin Frk.
8:19 of 3rd period - Stopped by Ray Emery with a rebound.
8:29 of 3rd period - Snap shot by Jesper Fast.
8:29 of 3rd period - Shot Blocked by Ryan Parent.
8:31 of 3rd period - Slapshot by Jesper Fast.
8:31 of 3rd period - Stopped by Ray Emery with a rebound.
8:43 of 3rd period - Wrist shot by Danny Kristo.
8:43 of 3rd period - Stopped by Ray Emery with a rebound.
8:45 of 3rd period - Slapshot by Carlo Colaiacovo.
8:45 of 3rd period - Stopped by Ray Emery without a rebound.
8:46 of 3rd period - Henrik Samuelsson wins face-off versus Teemu Pulkkinen in Condors zone.
9:49 of 3rd period - Will O'Neill is hit by Daniel New and loses puck.
9:56 of 3rd period - Wrist shot by Tyler Graovac.
9:56 of 3rd period - Shot Misses the Net.
9:58 of 3rd period - Minor Penalty to Steve Spinell for Hooking.
9:59 of 3rd period - Johan Sundstrom wins face-off versus Michael Chaput in Pirates zone.
10:16 of 3rd period - Off-side.
10:17 of 3rd period - Michael Chaput wins face-off versus Johan Sundstrom in neutral zone.
10:48 of 3rd period - Penalty to Vladislav Namestnikov is over, Vladislav Namestnikov is back on ice.
11:18 of 3rd period - Minor Penalty to Kris Newbury for High sticking.
11:19 of 3rd period - Vladislav Namestnikov wins face-off versus Teemu Pulkkinen in Condors zone.
11:22 of 3rd period - Wrist shot by Vladislav Namestnikov.
11:22 of 3rd period - Shot Misses the Net.
11:58 of 3rd period - Penalty to Steve Spinell is over, Steve Spinell is back on ice.
12:36 of 3rd period - Daniel New is hit by Henrik Samuelsson and loses puck.
12:41 of 3rd period - Snap shot by Danny Kristo.
12:41 of 3rd period - Shot Blocked by Michael Mersch.
12:43 of 3rd period - Slapshot by Carlo Colaiacovo.
12:43 of 3rd period - Stopped by Ray Emery without a rebound.
12:44 of 3rd period - Henrik Samuelsson wins face-off versus Michael Mersch in Condors zone.
13:18 of 3rd period - Penalty to Kris Newbury is over, Kris Newbury is back on ice.
13:30 of 3rd period - Slapshot by Vladislav Namestnikov.
13:30 of 3rd period - Shot Misses the Net.
13:53 of 3rd period - Snap shot by John Persson.
13:53 of 3rd period - Stopped by Ray Emery with a rebound.
13:57 of 3rd period - Slapshot by Tim Erixon.
13:57 of 3rd period - Shot Misses the Net.
13:59 of 3rd period - Slapshot by Zack Stortini.
13:59 of 3rd period - Shot Misses the Net.
14:01 of 3rd period - Slapshot by Tim Erixon.
14:01 of 3rd period - Stopped by Ray Emery with a rebound.
14:03 of 3rd period - Snap shot by Tim Erixon.
14:03 of 3rd period - Stopped by Ray Emery with a rebound.
15:07 of 3rd period - Henrik Samuelsson is hit by Tommy Cross and loses puck.
15:34 of 3rd period - Minor Penalty to Ken Agostino for Interference.
15:35 of 3rd period - Michael Mersch wins face-off versus Henrik Samuelsson in Condors zone.
16:34 of 3rd period - Tyler Graovac is hit by Kerby Rychel and loses puck.
16:47 of 3rd period - Steven Kampfer is hit by Carlo Colaiacovo and loses puck.
17:28 of 3rd period - Snap shot by Danny Kristo.
17:28 of 3rd period - Stopped by Ray Emery with a rebound.
17:30 of 3rd period - Wrist shot by Steve Spinell.
17:30 of 3rd period - Shot Misses the Net.
17:32 of 3rd period - Backhand shot by Henrik Samuelsson.
17:32 of 3rd period - Stopped by Ray Emery with a rebound.
17:34 of 3rd period - Penalty to Ken Agostino is over, Ken Agostino is back on ice.
19:59 of 3rd period - Snap shot by Reid Boucher.
19:59 of 3rd period - Stopped by Matt Hackett with a rebound.
Goals for this period are 1 for Pirates vs 1 for Condors.
Shots for this period are 22 for Pirates vs 6 for Condors.

Overtime #1


0:01 of 1st overtime period - Teemu Pulkkinen wins face-off versus Vladislav Namestnikov in neutral zone.
0:06 of 1st overtime period - Slapshot by Michael Chaput.
0:06 of 1st overtime period - Stopped by Matt Hackett without a rebound.
0:07 of 1st overtime period - Teemu Pulkkinen wins face-off versus Vladislav Namestnikov in Pirates zone.
0:14 of 1st overtime period - Slapshot by Michael Chaput.
0:14 of 1st overtime period - Shot Misses the Net.
0:34 of 1st overtime period - Snap shot by Steven Kampfer.
0:34 of 1st overtime period - Stopped by Matt Hackett without a rebound.
0:35 of 1st overtime period - Teemu Pulkkinen wins face-off versus Vladislav Namestnikov in Pirates zone.
0:50 of 1st overtime period - Slapshot by Steven Kampfer.
0:50 of 1st overtime period - Stopped by Matt Hackett with a rebound.
0:52 of 1st overtime period - Snap shot by Michael Chaput.
0:52 of 1st overtime period - Shot Blocked by Carlo Colaiacovo.
0:54 of 1st overtime period - Slapshot by Teemu Pulkkinen.
0:54 of 1st overtime period - Stopped by Matt Hackett with a rebound.
1:39 of 1st overtime period - Snap shot by Vladislav Namestnikov.
1:39 of 1st overtime period - Stopped by Ray Emery with a rebound.
1:41 of 1st overtime period - Wrist shot by Matt Puempel.
1:41 of 1st overtime period - Stopped by Ray Emery with a rebound.
2:05 of 1st overtime period - Slapshot by Tim Erixon.
2:05 of 1st overtime period - Deflect By Daniel New.
2:05 of 1st overtime period - Stopped by Ray Emery with a rebound.
3:08 of 1st overtime period - Snap shot by Reid Boucher.
3:08 of 1st overtime period - Stopped by Matt Hackett without a rebound.
3:09 of 1st overtime period - Vladislav Namestnikov wins face-off versus Reid Boucher in Pirates zone.
3:16 of 1st overtime period - Wrist shot by Reid Boucher.
3:16 of 1st overtime period - Stopped by Matt Hackett with a rebound.
3:18 of 1st overtime period - Snap shot by Tyler Graovac.
3:18 of 1st overtime period - Stopped by Matt Hackett with a rebound.
3:20 of 1st overtime period - Snap shot by Tommy Cross.
3:20 of 1st overtime period - Stopped by Matt Hackett with a rebound.
3:26 of 1st overtime period - Slapshot by Reid Boucher.
3:26 of 1st overtime period - Stopped by Matt Hackett with a rebound.
3:28 of 1st overtime period - Slapshot by Steven Kampfer.
3:28 of 1st overtime period - Shot Blocked by Carlo Colaiacovo.
4:22 of 1st overtime period - Slapshot by Pat Cannone.
4:22 of 1st overtime period - Stopped by Matt Hackett with a rebound.
4:24 of 1st overtime period - Slapshot by Anthony Bitetto.
4:24 of 1st overtime period - Stopped by Matt Hackett with a rebound.
Goals for this period are 0 for Pirates vs 0 for Condors.
Shots for this period are 3 for Pirates vs 11 for Condors.

ShootOut


5:00 of 1st overtime period - Penalty Shot by Vladislav Namestnikov for Pirates.
5:00 of 1st overtime period - Snap shot by Vladislav Namestnikov.
5:00 of 1st overtime period - Stopped by Ray Emery.
5:00 of 1st overtime period - Penalty Shot by Teemu Pulkkinen for Condors.
5:00 of 1st overtime period - Snap shot by Teemu Pulkkinen.
5:00 of 1st overtime period - Stopped by Matt Hackett.
5:00 of 1st overtime period - Penalty Shot by Matt Puempel for Pirates.
5:00 of 1st overtime period - Snap shot by Matt Puempel.
5:00 of 1st overtime period - Shot Misses the Net.
5:00 of 1st overtime period - Penalty Shot by Michael Chaput for Condors.
5:00 of 1st overtime period - Snap shot by Michael Chaput.
5:00 of 1st overtime period - Stopped by Matt Hackett.
5:00 of 1st overtime period - Penalty Shot by Daniel Carcillo for Pirates.
5:00 of 1st overtime period - Deke by Daniel Carcillo.
5:00 of 1st overtime period - Goal by Daniel Carcillo.
5:00 of 1st overtime period - Penalty Shot by Reid Boucher for Condors.
5:00 of 1st overtime period - Wrist shot by Reid Boucher.
5:00 of 1st overtime period - Stopped by Matt Hackett.